 Dungeon Crawl Stone Soup version 0.31-a0-549-gf98fd537a9 (webtiles) character file.

Game seed: 18430294098318003050

811 Morbidden the Ruffian (level 7, -4/99 HPs)
             Began as a Troll Shapeshifter on Aug 16, 2023.
             Succumbed to a water moccasin's poison
             ... on level 5 of the Dungeon.
             The game lasted 00:02:56 (3135 turns).

Morbidden the Ruffian (Troll Shapeshifter)          Turns: 3135, Time: 00:02:57

Health: -4/99      AC: 23    Str: 26    XL:     7   Next: 61%
Magic:  6/6        EV:  1    Int:  4    God:
Gold:   225        SH:  0    Dex: 10    Spells: 6/6 levels left

rFire   + .          .
                       - Unarmed
rCold   . . .        (no shield)
rNeg    . . .        a - melded +0 animal skin
rPois   +            (helmet currently unavailable)
rElec   .            (cloak currently unavailable)
rCorr   .            (gloves unavailable)
SInv    .            (boots unavailable)
Will    .....        (no amulet)
Stlth   +            g - ring of protection from fire
HPRegen 1.16/turn    (no ring)
MPRegen 0.10/turn

%: no passive effects
@: lethally poisoned (-4 -> -26), tree-form
A: stationary, stasis, torment immunity, boosted hp, large, unfitting armour,
(claws 3), regeneration 1, (shaggy fur 1), (tough skin 1)
a: no special abilities


You were on level 5 of the Dungeon.
You were a tree.
You visited 1 branch of the dungeon, and saw 5 of its levels.

You collected 225 gold pieces.

Inventory:

Missiles
 i - 6 boomerangs
 j - 22 stones (quivered)
 o - 4 large rocks
 s - 3 poisoned darts
Armour
 a - a +0 animal skin (melded)
 f - a +1 hat
Jewellery
 g - a ring of protection from fire (left branch)
Talismans
 c - a beast talisman
 d - a flux talisman
Wands
 b - a wand of flame (29)
Scrolls
 e - 3 scrolls of revelation {unknown}
 h - a scroll of enchant weapon {unknown}
 k - 2 scrolls of blinking {unknown}
 m - 3 scrolls of identify {unknown}
 n - a scroll of enchant armour {unknown}
 w - a scroll of fear {unknown}
Potions
 l - 2 potions of might {unknown}
 q - a potion of magic {unknown}
 r - a potion of degeneration {unknown}
 t - a potion of resistance {unknown}
 u - a potion of brilliance {unknown}
 v - a potion of attraction {unknown}


   Skills:
 * Level 2.8 Fighting
 * Level 1.2 Throwing
 * Level 3.5 Dodging
 + Level 1.0 Stealth
 + Level 5.3 Unarmed Combat
 * Level 4.6 Shapeshifting


You had 6 spell levels left.
You didn't know any spells.
Your spell library contained the following spells:

 Spells                   Type           Power      Damage    Failure   Level
 Freeze                   Ice            0%         1d3       50%         1
 Sting                    Tmut/Pois      0%         1d3       50%         1
 Ensorcelled Hibernation  Hex/Ice        0%         N/A       65%         2
 Poisonous Vapours        Pois/Air       0%         N/A       65%         2
 Static Discharge         Conj/Air       0%         2-2/arc   65%         2
 Frozen Ramparts          Ice            0%         1d1       86%         3
 Hailstorm                Conj/Ice       0%         3d3       86%         3
 Airstrike                Air            0%         2d(0-16)  99%         4
 Anguish                  Hex/Necr       0%         N/A       99%         4
 Olgreb's Toxic Radiance  Pois           0%         N/A       99%         4
 Summon Lightning Spire   Summ/Air       0%         N/A       99%         4


Dungeon Overview and Level Annotations

Branches:
Dungeon (5/15)
 Temple: D:4-7

Altars:
Elyvilon

Annotations:
D:4 1 runed translucent door, Scrael's ghost, amateur DsSh


Innate Abilities, Weirdness & Mutations

You are a tree.
Your roots penetrate the ground, keeping you stationary.
You cannot be teleported.
You are immune to unholy pain and torment.
Your maximum health is greatly increased.
Your equipment is partially melded.
You are too large for most types of armour.
((You have claws for hands.))
Your natural rate of healing is unusually fast.
((You are covered in fur. (AC +1)))
((You have tough skin. (AC +1)))


Message History

The hound closely misses you.
You closely miss the hound. The hound bites you.
You scratch the hound. Your claw misses the hound.
The hound is lightly wounded.
The hound bites you. The hound bites you but does no damage.
You mangle the hound!!
You kill the hound!
You barely miss the ufetubus. The ufetubus hits you. The ufetubus misses you.
You barely miss the ufetubus. The ufetubus closely misses you.
The ufetubus barely misses you.
The ufetubus hits you but does no damage. x2
The orc shouts!
You mangle the ufetubus!!
You kill the ufetubus!
The water moccasin bites you.
You are poisoned.
The water moccasin poisons you!
Your Stealth skill increases to level 1!
You miss the water moccasin.
You feel very sick. The water moccasin bites you.
Unknown command.
You closely miss the water moccasin.
You feel sick. The water moccasin bites you.
* * * LOW HITPOINT WARNING * * *
Unknown command.
You mangle the water moccasin!!
The water moccasin is severely wounded.
You feel sick. The water moccasin bites you!
* * * LOW HITPOINT WARNING * * *
You are lethally poisoned!
The water moccasin poisons you! The water moccasin bites you!
* * * LOW HITPOINT WARNING * * *
You are more poisoned.
The water moccasin poisons you!
Your transformation has ended.
You turn into a tree.
Your +0 animal skin melds into your body.
Your roots penetrate the ground.
You die...

.........#
########.#
#.# #.#
####.####
#..#.#..#
#...#...#
####.####
#♣#.#
##S##
#.o.#
#.......#
#.......#
#.......#
#.......#
#.......#
#..o....#


You could see a water moccasin and an orc.

Vanquished Creatures
  A black bear (D:5)
  An ogre (D:4)
  A phantom (D:4)
  Blork the orc (D:4)
  A bullfrog (D:4)
  2 scorpions (D:4)
  2 orc priests (D:3)
  A hound (D:5)
  Ijyb (D:3)
  4 gnolls (D:2)
  8 adders
  A white imp (D:3)
  An ufetubus (D:5)
  2 worms (D:3)
  2 dart slugs
  6 orcs (D:3)
  4 ball pythons
  7 endoplasms
  5 giant cockroaches
  5 hobgoblins
  3 jackals (D:1)
  5 kobolds
  A quokka (D:1)
  4 bats
  6 frilled lizards
  7 goblins
  4 rats
86 creatures vanquished.

Notes
Turn   | Place    | Note
-------+----------+-------------------------------------------
     0 | D:1      | Morbidden the Troll Shapeshifter began the quest for the
                  | Orb.
     0 | D:1      | Reached XP level 1. HP: 18/18 MP: 0/0
   288 | D:1      | Reached XP level 2. HP: 26/26 MP: 1/1
   291 | D:1      | Reached skill level 1 in Fighting
   313 | D:1      | Found a faded altar of an unknown god.
  1072 | D:2      | Reached XP level 3. HP: 26/33 MP: 2/2
  1098 | D:2      | Reached XP level 4. HP: 24/41 MP: 3/3
  1590 | D:3      | Noticed Ijyb
  1620 | D:3      | Reached XP level 5. HP: 47/49 MP: 4/4
  1625 | D:3      | Killed Ijyb
  1734 | D:3      | Found a white marble altar of Elyvilon.
  1759 | D:3      | Reached skill level 4 in Unarmed Combat
  2219 | D:4      | Reached XP level 6. HP: 57/57 MP: 5/5
  2357 | D:4      | Found a runed translucent door.
  2357 | D:4      | Noticed Scrael's ghost (amateur DsSh)
  2600 | D:4      | Reached XP level 7. HP: 55/66 MP: 6/6
  2797 | D:4      | Noticed Blork the orc
  2801 | D:4      | Killed Blork the orc
  2802 | D:4      | Reached skill level 5 in Unarmed Combat
  3024 | D:5      | Entered Level 5 of the Dungeon
  3124 | D:5      | Reached skill level 1 in Throwing
  3132 | D:5      | Reached skill level 1 in Stealth
  3134 | D:5      | HP: 2/66 [water moccasin (7)]
  3135 | D:5      | Succumbed to a water moccasin's poison

Illustrated notes

Levels and vault maps discovered:
D:1:      eino_arrival_cavern_a, layout_basic, basic_ecumenical_altar,
          minmay_crystal_water
D:2:      layout_basic
D:3:      layout_basic, lemuel_round_altar, uniq_ijyb
D:4:      layout_basic, ebering_ghost_inner_flame, item_on_display_a,
          uniq_blork_the_orc
D:5:      layout_loops_corners, small_statue_intersection,
          ebering_dispersal_statue_hall, minmay_misc_feat_tower,
          wad_rectangle_vault

Skill      XL: |  1  2  3  4  5  6  7 |
---------------+----------------------+-----
Fighting       | 1 2 |  2.8
Dodging        | 2 3 |  3.5
Unarmed Combat | 4 5 |  5.3
Shapeshifting  | 4 |  4.6
Throwing       | 1 |  1.2
Stealth        | 1 |  1.0

Action                     |  1- 3 |  4- 6 |  7- 9 || total
---------------------------+-------+-------+-------++-------
  Melee: Unarmed           |    59 |   119 |    23 ||   201
         Punch             |     2 |     3 |       ||     5
  Throw: Stone             |       |     6 |     9 ||    15
    Use: Potion            |     1 |       |     1 ||     2
   Stab: Sleeping          |       |     1 |       ||     1
         Distracted        |       |     1 |       ||     1
 Armour: Animal skin       |    26 |    23 |     8 ||    57
         Skin              |    12 |       |       ||    12
  Dodge: Dodged            |    28 |    47 |    12 ||    87

Table legend: (Time is in decaauts)
 A = Elapsed time spent in this place.
 B = Non-inter-level travel time spent in this place.
 C = Inter-level travel time spent in this place.
 D = Time resting spent in this place.
 E = Time spent auto-exploring this place.
 F = Levels seen in this place.
 G = Mean time per level.
                   A        B        C        D        E       F      G
               +--------+--------+--------+--------+--------+-----+--------+
         Total |   3119 |   3048 |     71 |    233 |   2316 |   5 |  623.8 |
       Dungeon |   3119 |   3048 |     71 |    233 |   2316 |   5 |  623.8 |
               +--------+--------+--------+--------+--------+-----+--------+

Top non-repeatable levels by time:
     D:1: 857 daAuts
     D:4: 814 daAuts
     D:2: 676 daAuts
     D:3: 661 daAuts
     D:5: 109 daAuts
